 Dungeon Crawl Stone Soup version 0.32-a0-701-g6677626 (webtiles) character file.

Game seed: 16186845105988779900

82 Toastz the Shooter (level 4, -2/24 (28) HPs)
             Began as a Kobold Hunter on Mar 13, 2024.
             Slain by a wight
             ... wielding a +3 long sword
              (5 damage)
             ... on level 4 of the Dungeon.
             The game lasted 00:02:54 (2280 turns).

Toastz the Shooter (Kobold Hunter)                  Turns: 2280, Time: 00:02:54

HP:   -2/24 (28)    AC:  3    Str:  8    XL:     4   Next: 70%
MP:   4/4           EV: 14    Int: 10    God:
Gold: 69            SH:  0    Dex: 20    Spells: 3/3 levels left

rFire   . . .        a - +0 shortbow
rCold   . . .        (shield currently unavailable)
rNeg    . . .        c - +0 leather armour
rPois   .            (no helmet)
rElec   .            (no cloak)
rCorr   .            (no gloves)
SInv    .            (no boots)
Will    .....        n - amulet of regeneration
Stlth   +++          (no ring)
HPRegen 1.04/turn    (no ring)
MPRegen 0.09/turn

%: no passive effects
@: heavily drained
A: small, no large weapons, nightstalker 3
a: no special abilities


You were on level 4 of the Dungeon.
You visited 1 branch of the dungeon, and saw 4 of its levels.

You collected 69 gold pieces.

Inventory:

Hand Weapons
 a - a +0 shortbow (weapon)
Armour
 c - a +0 leather armour (worn)
Jewellery
 e - an amulet of the acrobat
 n - an amulet of regeneration (around neck)
Scrolls
 b - a scroll of butterflies
 d - 2 scrolls of immolation {unknown}
 f - 2 scrolls of fear {unknown}
 h - a scroll of noise {unknown}
 j - a scroll of identify {unknown}
 l - a scroll of teleportation {unknown}
 o - a scroll of enchant weapon {unknown}
Potions
 g - a potion of haste {unknown}
 i - 3 potions of berserk rage {unknown}
 k - a potion of might {unknown}
 m - a potion of heal wounds {unknown}
 p - a potion of curing {unknown}
 q - a potion of invisibility {unknown}
 r - a potion of enlightenment {unknown}


   Skills:
 + Level 3.0 Fighting
 * Level 6.6 Ranged Weapons
 + Level 3.5 Dodging
 - Level 1.3 Stealth


You had 3 spell levels left.
You didn't know any spells.
Your spell library contained the following spells:

 Spells                   Type           Power      Damage    Failure   Level
 Blink                    Tloc           0%         N/A       63%         2
 Lesser Beckoning         Tloc           0%         N/A       63%         2
 Momentum Strike          Conj/Tloc      0%         3d8       63%         2


Dungeon Overview and Level Annotations

Branches:
Dungeon (4/15)
 Temple: D:4-7

Altars:
Makhleb

Annotations:
D:3 exclusion: water moccasin


Innate Abilities, Weirdness & Mutations

You are small and have problems with some larger weapons.
You are completely attuned to the shadows.


Message History

You feel drained.
Fire: a) +0 shortbow
Press: ? - help, Q - select action Shift-Dir - straight line, f/p - wight
Aim: a wight, wielding a +3 long sword and wearing a +0 robe (moderately damaged, 66% to hit)
You shoot an arrow. The arrow hits the wight.
The wight is heavily damaged.
The wight hits you with a +3 long sword!
Ouch! That really hurt!
Fire: a) +0 shortbow
Press: ? - help, Q - select action Shift-Dir - straight line, f/p - wight
Aim: a wight, wielding a +3 long sword and wearing a +0 robe (heavily damaged, 66% to hit)
You shoot an arrow.
The arrow hits the wight but does no damage.
The wight is heavily damaged.
The wight barely misses you.
Fire: a) +0 shortbow
Press: ? - help, Q - select action Shift-Dir - straight line, f/p - wight
Aim: a wight, wielding a +3 long sword and wearing a +0 robe (heavily damaged, 66% to hit)
You shoot an arrow.
The arrow hits the wight but does no damage.
The wight is heavily damaged.
The wight closely misses you.
Fire: a) +0 shortbow
Press: ? - help, Q - select action Shift-Dir - straight line, f/p - wight
Aim: a wight, wielding a +3 long sword and wearing a +0 robe (heavily damaged, 66% to hit)
You shoot an arrow.
The arrow hits the wight but does no damage.
The wight is heavily damaged.
The wight hits you with a +3 long sword!
* * * LOW HITPOINT WARNING * * *
You feel drained.
* * * LOW HITPOINT WARNING * * *
Fire: a) +0 shortbow
Press: ? - help, Q - select action Shift-Dir - straight line, f/p - wight
Aim: a wight, wielding a +3 long sword and wearing a +0 robe (heavily damaged, 66% to hit)
You shoot an arrow.
The arrow hits the wight but does no damage.
The wight is heavily damaged.
The wight hits you with a +3 long sword.
You die...

###### #....#
#....##### #........#
##########....###.###
.....>...+..#.#.#.#.##
######..##......@z...#
##.##..#.##+##.##
#..'....# ...
####..#.+ z#.# #....#
.... ####.


You could see a wight.

Vanquished Creatures
  4 adders
  2 ribbon worms
  7 ball pythons
  3 endoplasms
  A giant cockroach (D:1)
  6 goblins
  2 quokkas
  6 bats
  5 frilled lizards
  5 kobolds
  3 rats
44 creatures vanquished.

Notes
Turn   | Place    | Note
-------+----------+-------------------------------------------
     0 | D:1      | Toastz the Kobold Hunter began the quest for the Orb.
     0 | D:1      | Reached XP level 1. HP: 12/12 MP: 1/1
    77 | D:1      | You fall into a shaft and drop 1 floor!
    95 | D:2      | Reached XP level 2. HP: 18/18 MP: 2/2
   148 | D:2      | Reached XP level 3. HP: 22/22 MP: 3/3
   206 | D:2      | Reached skill level 6 in Ranged Weapons
   872 | D:2      | Reached XP level 4. HP: 27/27 MP: 4/4
  1378 | D:3      | Noticed a water moccasin
  2143 | D:3      | Found a burning altar of Makhleb.
  2264 | D:4      | Noticed a wight
  2280 | D:4      | Slain by a wight

Illustrated notes

Levels and vault maps discovered:
D:1:      matt_arrival_refuge, layout_rooms
D:2:      layout_loops_ring
D:3:      layout_loops_ring, lightli_temple_of_fire
D:4:      layout_basic, minmay_temple_entry_trees, minmay_misc_feat_doors

Skill      XL: |  1  2  3  4 |
---------------+-------------+-----
Ranged Weapons | 6 |  6.6
Dodging        | 3 |  3.5
Fighting       | 3 |  3.0
Stealth        | |  1.3

Action                     |  1- 3 |  4- 6 || total
---------------------------+-------+-------++-------
   Fire: Shortbow          |    72 |    60 ||   132
 Armour: Leather armour    |    14 |    15 ||    29
  Dodge: Dodged            |    22 |    27 ||    49

Table legend: (Time is in decaauts)
 A = Elapsed time spent in this place.
 B = Non-inter-level travel time spent in this place.
 C = Inter-level travel time spent in this place.
 D = Time resting spent in this place.
 E = Time spent auto-exploring this place.
 F = Levels seen in this place.
 G = Mean time per level.
                   A        B        C        D        E       F      G
               +--------+--------+--------+--------+--------+-----+--------+
         Total |   2298 |   2205 |     93 |      0 |   1933 |   4 |  574.5 |
       Dungeon |   2298 |   2205 |     93 |      0 |   1933 |   4 |  574.5 |
               +--------+--------+--------+--------+--------+-----+--------+

Top non-repeatable levels by time:
     D:3: 824 daAuts
     D:2: 800 daAuts
     D:1: 624 daAuts
     D:4: 49 daAuts
